 Dungeon Crawl Stone Soup version 0.26-a0-524-g073066f631 (webtiles) character file.

Game seed: 4794526990970405584

9906 CovertPenguin the Geomancer (level 11, -15/67 HPs)
             Began as a Gargoyle Earth Elementalist on Aug 12, 2020.
             Was a High Priest of Vehumet.
             Demolished by a two-headed ogre
             ... wielding a +0 giant club
              (29 damage)
             ... on level 11 of the Dungeon on Aug 13, 2020.
             The game lasted 01:15:50 (15101 turns).

CovertPenguin the Geomancer (GrEE)                 Turns: 15101, Time: 01:15:51

Health: -15/67     AC: 17    Str: 19    XL:     11   Next: 53%
Magic:  0/21       EV: 11    Int: 18    God:    Vehumet [*****.]
Gold:   674        SH:  4    Dex: 10    Spells: 2/23 levels left

rFire    . . .     SeeInvis +   D - +1 whip (freeze)
rCold    . . .     Faith    .   B - +0 buckler
rNeg     + . .     Spirit   +   P - +0 leather armour {MR+}
rPois    ∞         Reflect  .   L - +0 helmet
rElec    +         Harm     .   O - +1 cloak {MR+}
rCorr    .                      h - +1 pair of gloves
MR       ++...                  j - +0 pair of boots
Stlth    ++........             G - amulet of guardian spirit
HPRegen  0.21/turn              v - +6 ring of strength
MPRegen  0.17/turn              z - ring of see invisible

@: mighty
A: negative energy resistance 1, electricity resistance, unbreathing,
petrification resistance, rot immunity, AC +8
a: Renounce Religion


You were on level 11 of the Dungeon.
You worshipped Vehumet.
Vehumet was extremely pleased with you.
You visited 2 branches of the dungeon, and saw 12 of its levels.
You also visited: Bailey.

You collected 794 gold pieces.
You spent 120 gold pieces at shops.

Inventory:

Hand Weapons
 a - a +0 club
   (You found it on level 1 of the Dungeon)
 f - a +0 mace
   (You found it on level 1 of the Dungeon)
 g - a +2 antimagic whip
   (You took it off an orc on level 8 of the Dungeon)
 D - a +1 whip of freezing (weapon)
   (You found it on level 3 of the Dungeon)
Missiles
 b - 140 stones
 s - 2 throwing nets {!f}
 y - 11 boomerangs
 E - 39 poisoned darts (quivered)
Armour
 h - a +1 pair of gloves (worn)
   (You found it on level 1 of the Dungeon)
 j - a +0 pair of boots (worn)
   (You found it on level 1 of the Dungeon)
 n - a scarf of repulsion
   (You found it on level 2 of the Dungeon)
 B - a +0 buckler (worn)
   (You found it on level 1 of the Dungeon)
 F - +0 steam dragon scales
   (You took it off Maggie on level 8 of the Dungeon)
 I - a +1 leather armour of positive energy
   (You took it off Duvessa on level 6 of the Dungeon)
 L - a +0 helmet (worn)
   (You found it on level 11 of the Dungeon)
 O - a +1 cloak of magic resistance (worn)
   (You took it off Crazy Yiuf on level 7 of the Dungeon)
 P - a +0 leather armour of magic resistance (worn)
   (You took it off Joseph on level 7 of the Dungeon)
Jewellery
 q - a +6 ring of intelligence
   (You found it on level 5 of the Dungeon)
 v - a +6 ring of strength (left hand)
   (You took it off a hobgoblin on level 2 of the Dungeon)
 z - a ring of see invisible (right hand)
   (You found it on level 7 of the Dungeon)
 C - an uncursed ring of stealth
   (You found it on level 6 of the Dungeon)
 G - an amulet of guardian spirit (around neck)
   (You found it on level 5 of the Dungeon)
 M - an uncursed ring of magical power
   (You found it on level 10 of the Dungeon)
Wands
 d - a wand of iceblast (36)
   (You found it on level 2 of the Dungeon)
 t - a wand of flame (20)
   (You found it on level 7 of the Dungeon)
 x - a wand of acid (8)
   (You found it on level 6 of the Dungeon)
Scrolls
 i - 3 scrolls of teleportation {@r4}
 k - 2 scrolls of enchant armour
 l - a scroll of immolation {!r}
 m - 4 scrolls of identify {@r1}
 o - a scroll of enchant weapon
 u - 3 scrolls of fog
 J - 2 scrolls of amnesia
 K - 6 scrolls of remove curse {@r2}
Potions
 c - a potion of invisibility
 e - 2 potions of stabbing
 p - 2 potions of berserk rage
 r - 5 potions of curing {@q1}
 w - 3 potions of might
 A - a potion of brilliance
 H - a potion of lignification {!q}


   Skills:
 * Level 7.3 Fighting
 + Level 6.6 Maces & Flails
 - Level 1.5 Dodging
 * Level 4.0 Stealth
 - Level 4.0 Shields
 * Level 6.8 Spellcasting
 - Level 6.0 Conjurations
 - Level 4.0 Transmutations
 * Level 12.1 Earth Magic


You had 2 spell levels left.
You knew the following spells:

 Your Spells              Type           Power        Failure   Level
a - Sandblast             Erth           #####.       1%          1
b - Lee's Rapid Deconstr  Erth           #####.....   1%          5
c - Petrify               Tmut/Erth      #####...     4%          4
d - Iron Shot             Conj/Erth      #####.....   13%         6
q - Passwall              Tmut/Erth      #####...     1%          2
x - Stone Arrow           Conj/Erth      #####.       1%          3

Your spell library contained the following spells:

 Spells                   Type           Power        Failure   Level
 Airstrike                Air            #.........   32%         4
 Magic Dart               Conj           ####         1%          1
 Searing Ray              Conj           ####..       1%          2
 Freeze                   Ice            #...         3%          1
 Animate Skeleton         Necr           #.....       13%         1
 Apportation              Tloc           #.....       13%         1
 Corona                   Hex            #......      13%         1
 Summon Small Mammal      Summ           #...         13%         1
 Corpse Rot               Necr/Air       N/A          21%         2
 Dazzling Flash           Conj/Hex       ###...       3%          3
 Bolt of Magma            Conj/Fire/Erth ####......   9%          5
 Iskenderun's Battlesphe  Conj           ####....     9%          5
 Frozen Ramparts          Ice            #.....       11%         3
 Fulminant Prism          Conj/Hex       ###.......   11%         4
 Hailstorm                Conj/Ice       ###.....     11%         4
 Iskenderun's Mystic Bla  Conj/Tloc      ###.....     11%         4
 Ozocubu's Armour         Ice            #.......     36%         3
 Summon Ice Beast         Ice/Summ       #.......     78%         4
 Orb of Destruction       Conj           ####......   90%         7
 Summon Forest            Summ/Tloc      #.........   98%         5
 Hydra Form               Tmut           ###.......   98%         6
 Spellforged Servitor     Conj/Summ      ###.......   99%         7
 Eringya's Noxious Bog    Tmut/Pois      ##........   100%        6
 Summon Hydra             Summ           #.........   100%        7


Dungeon Overview and Level Annotations

Branches:
Dungeon (11/15)            Temple (1/1) D:4            Lair (0/6) D:11
    Orc (0/2) D:10         Bailey (visited)

Altars:
Ashenzari
Cheibriados
Dithmenos
Elyvilon
Fedhas
Gozag
Hepliaklqana
Kikubaaqudgha
Makhleb
Nemelex Xobeh
Okawaru
Qazlal
Ru
Sif Muna
Trog
Uskayaw
Vehumet
Wu Jian
Xom
Yredelemnul
Zin
The Shining One

Shops:
D:4 [   D:6 ?   D:8 (

Annotations:
D:6 2 runed translucent doors, Infinimo's ghost, novice HOFi
D:11 3 runed translucent doors, fly's ghost, journeyman FoDe


Innate Abilities, Weirdness & Mutations

You are resistant to torment.
Your stone body is resilient. (AC +8)
You are immune to poison.
You resist negative energy. (rN+)
You are resistant to electric shocks. (rElec)
You can survive without breathing.
You are immune to petrification.
You are immune to rotting.


Message History

The ogre mage hits you but does no damage.
Okay, then.
You feel very mighty all of a sudden.
The ogre mage hits you but does no damage.
You closely miss the ogre mage. The ogre mage casts a spell at you.
You resist with almost no effort.
You whack the ogre mage! You freeze the ogre mage.
The ogre mage points at the two-headed ogre and mumbles some strange words.
The two-headed ogre seems to speed up.
You hit the ogre mage. You freeze the ogre mage. You whack the ogre mage!
You freeze the ogre mage.
The ogre mage casts a spell.
The ogre mage flickers and vanishes!
Deactivating autopickup; reactivate with Ctrl-A.
You're wearing all the rings you can.
Remove which one? (? for menu, Esc to cancel) < or
v - a +6 ring of strength; > or
M - a ring of magical power You remove your ring of magical power.
You feel your magic capacity decrease. You block something's attack.
Reactivating autopickup.
z - a ring of see invisible (right hand)
You closely miss the ogre mage.
The ogre mage points at you and mumbles some strange words.
The bolt of poison misses you.
Your magical contamination has completely faded away.
You whack the ogre mage! You freeze the ogre mage.
You kill the ogre mage!
Vehumet accepts your kill.
You feel your power returning.
Your Stealth skill increases to level 4!
The spell is quite dangerous to cast (13% risk of failure)!
Continue anyway?
Aim: a two-headed ogre, wielding two +0 giant clubs (fast)
The iron shot hits the two-headed ogre!!
The two-headed ogre hits you but does no damage.
The two-headed ogre hits you with a +0 giant club!
Aim: a two-headed ogre, wielding two +0 giant clubs (heavily wounded, fast)
The blast of sand hits the two-headed ogre!
b - 141 stones The two-headed ogre hits you with a +0 giant club!
* * * LOW HITPOINT WARNING * * *
The two-headed ogre hits you with a +0 giant club.
* * * LOW HITPOINT WARNING * * *
The two-headed ogre closely misses you.
The two-headed ogre hits you but does no damage.
Aim: a two-headed ogre, wielding two +0 giant clubs (severely wounded, fast)
The blast of sand hits the two-headed ogre!
b - 140 stones The two-headed ogre hits you with a +0 giant club!!
You die...

######***** ###
.......,,,* #!#
..........# #.#
..........# #.#
..........# #.#
..........# #.########**
..........# #.@OOOO...,*
..........#####.########**
................#
..........#####.#
.....P....### #.#
#..P........###.#
#.P........P.##=##########
#.........(..##..........#
.........P...P#.##########


You could see 4 two-headed ogres.

Vanquished Creatures
  Harold (D:8)
  A two-headed ogre (D:11)
  An ogre mage (D:11)
  A cyclops (D:11)
  Joseph (D:7)
  Maggie (D:8)
  A hippogriff (D:7)
  A wraith (D:9)
  2 wyverns
  A yak (D:11)
  Duvessa (D:6)
  9 orc warriors
  5 porcupines (D:11)
  2 black bears
  A sky beast (D:6)
  An ice beast (D:5)
  2 phantoms
  3 centaurs
  6 ogres
  2 crocodiles
  6 bullfrogs
  2 gnoll sergeants (D:10)
  Dowan (D:6)
  2 scorpions
  3 killer bees (D:8)
  A water moccasin skeleton (D:10)
  12 wights
  3 vampire bats (D:8)
  5 howler monkeys
  3 centaur zombies
  A bullfrog zombie (D:8)
  2 quasits
  5 orc wizards
  2 centaur skeletons (D:9)
  8 orc priests
  4 bullfrog skeletons
  4 hounds
  3 jellies
  Crazy Yiuf (D:7)
  Jessica (D:3)
  4 iguanas
  6 worker ants
  19 gnolls
  A worker ant zombie (D:9)
  5 adders
  A shadow imp (D:7)
  3 white imps
  3 ufetubi
  An ooze (D:4)
  An adder skeleton (D:9)
  6 worms
  2 dart slugs
  5 leopard geckos
  53 orcs
  6 bats
  2 bat skeletons (D:8)
  4 bat zombies (D:8)
  3 giant cockroaches
  26 goblins
  13 hobgoblins
  10 jackals
  12 kobolds
  3 quokkas
  3 ball pythons
  6 frilled lizards
  A leopard gecko skeleton (D:5)
  2 quokka skeletons (D:5)
  4 rats
317 creatures vanquished.

Vanquished Creatures (others)
  41 fungi (D:11)
  26 plants (D:11)
  4 toadstools (D:1)
71 creatures vanquished.

Grand Total: 388 creatures vanquished

Notes
Turn   | Place    | Note
-------+----------+-------------------------------------------
     0 | D:1      | CovertPenguin the Gargoyle Earth Elementalist began the
                  | quest for the Orb.
     0 | D:1      | Reached XP level 1. HP: 10/10 MP: 3/3
   645 | D:1      | Reached skill level 4 in Earth Magic
   645 | D:1      | Reached XP level 2. HP: 15/15 MP: 1/5
   755 | D:1      | Reached skill level 1 in Shields
  1386 | D:2      | Reached XP level 3. HP: 19/19 MP: 4/6
  1392 | D:2      | Learned a level 3 spell: Stone Arrow
  2040 | D:3      | Learned a level 2 spell: Passwall
  2080 | D:3      | Reached XP level 4. HP: 24/24 MP: 3/7
  2083 | D:3      | Reached skill level 1 in Conjurations
  2462 | D:3      | Reached XP level 5. HP: 20/28 MP: 4/8
  2798 | D:3      | Noticed Jessica
  2808 | D:3      | Killed Jessica
  2808 | D:3      | Reached skill level 5 in Earth Magic
  3371 | D:4      | Reached skill level 1 in Transmutations
  3371 | D:4      | Reached XP level 6. HP: 19/32 MP: 0/10
  3581 | D:4      | Found Veji Teb's Armour Shop.
  3618 | D:4      | Found a staircase to the Ecumenical Temple.
  3637 | Temple   | Entered the Ecumenical Temple
  4008 | D:4      | Found a burning altar of Makhleb.
  4018 | D:4      | Reached skill level 1 in Maces & Flails
  4146 | D:4      | Learned a level 5 spell: Lee's Rapid Deconstruction
  4177 | D:4      | Found a hazy altar of Hepliaklqana.
  4243 | D:4      | Found an opulent altar of Gozag.
  4264 | D:4      | Found a sparkling altar of Nemelex Xobeh.
  4264 | D:4      | Found a radiant altar of Vehumet.
  4264 | D:4      | Found a shattered altar of Ashenzari.
  4308 | D:4      | Became a worshipper of Vehumet
  4385 | D:5      | Entered Level 5 of the Dungeon
  4394 | D:5      | Reached XP level 7. HP: 36/36 MP: 7/11
  4910 | D:5      | Noticed a +0 hand axe
  4910 | D:5      | Noticed a +0 dagger
  4913 | D:5      | Found a hide-covered altar of Uskayaw.
  5296 | D:5      | Reached skill level 6 in Earth Magic
  5766 | D:6      | Found a runed translucent door.
  5771 | D:6      | Noticed Infinimo's ghost (novice HOFi)
  5789 | D:6      | Found a runed translucent door.
  5977 | D:6      | Found a snail-covered altar of Cheibriados.
  6076 | D:6      | Noticed Duvessa
  6076 | D:6      | Noticed Dowan
  6089 | D:6      | Reached XP level 8. HP: 41/41 MP: 11/13
  6093 | D:6      | Killed Duvessa
  6097 | D:6      | Killed Dowan
  6105 | D:6      | Reached skill level 7 in Earth Magic
  6138 | D:6      | Reached skill level 5 in Conjurations
  6779 | D:6      | Reached * piety under Vehumet
  6779 | D:6      | Offered knowledge of Shock by Vehumet.
  6785 | D:6      | Learned a level 4 spell: Petrify
  7148 | D:6      | Found Tiyn's Magic Scroll Emporium.
  7368 | D:6      | Bought a scroll of magic mapping for 38 gold pieces
  7368 | D:6      | Bought a scroll of fear for 38 gold pieces
  7368 | D:6      | Bought a scroll of identify for 22 gold pieces
  7368 | D:6      | Bought a scroll of identify for 22 gold pieces
  7574 | D:7      | Found a stormy altar of Qazlal.
  7578 | D:7      | Noticed Harold
  7851 | D:7      | Reached skill level 8 in Earth Magic
  7851 | D:7      | Reached XP level 9. HP: 36/45 MP: 12/15
  7929 | D:7      | Found a runed translucent door.
  7930 | D:7      | Noticed Crazy Yiuf
  8725 | D:7      | Noticed Joseph
  8735 | D:7      | Killed Joseph
  8997 | D:7      | Killed Crazy Yiuf
  9145 | D:8      | Noticed Maggie
  9209 | D:8      | Reached skill level 9 in Earth Magic
  9589 | D:8      | Reached skill level 5 in Spellcasting
  9612 | D:8      | Reached ** piety under Vehumet
  9612 | D:8      | Offered knowledge of Searing Ray by Vehumet.
  9689 | D:8      | Reached skill level 1 in Fighting
  9996 | D:8      | Killed Maggie
 10247 | D:8      | Found Urghyron's Antique Weapon Emporium.
 10320 | D:8      | Killed Harold
 10320 | D:8      | Reached skill level 5 in Maces & Flails
 10320 | D:8      | Reached skill level 10 in Earth Magic
 10320 | D:8      | Reached XP level 10. HP: 17/56 MP: 4/17
 10593 | D:8      | Found a white marble altar of Elyvilon.
 10692 | D:8      | Found an ancient bone altar of Kikubaaqudgha.
 11281 | D:9      | Offered knowledge of Inner Flame by Vehumet.
 11308 | D:9      | Reached *** piety under Vehumet
 11442 | D:9      | Upgraded the game from 0.26-a0-520-g952f204493 to
                  | 0.26-a0-524-g073066f631
 11726 | D:9      | Offered knowledge of Conjure Flame by Vehumet.
 11870 | D:9      | Reached skill level 5 in Fighting
 12123 | D:9      | Found a shimmering altar of Xom.
 12141 | D:9      | Found a basalt altar of Yredelemnul.
 12230 | D:10     | Entered Level 10 of the Dungeon
 12239 | D:9      | Reached skill level 11 in Earth Magic
 12396 | D:10     | Found a shadowy altar of Dithmenos.
 12460 | D:10     | Found a staircase to the Orcish Mines.
 12487 | D:10     | Reached **** piety under Vehumet
 13024 | D:10     | Offered knowledge of Yara's Violent Unravelling by Vehumet.
 13456 | D:11     | Found a flagged portal.
 13482 | Bailey   | Entered a bailey
 13769 | Bailey   | Learned a level 6 spell: Iron Shot
 13791 | Bailey   | Noticed an orc warlord
 13813 | Bailey   | Reached XP level 11. HP: 64/64 MP: 18/20
 14087 | D:11     | Reached ***** piety under Vehumet
 14237 | D:11     | Offered knowledge of Airstrike by Vehumet.
 14511 | D:11     | Found a runed translucent gate.
 14511 | D:11     | Found a runed translucent gate.
 14512 | D:11     | Found a runed translucent gate.
 14512 | D:11     | Noticed fly's ghost (journeyman FoDe)
 14957 | D:11     | Found a staircase to the Lair.
 14969 | D:11     | Noticed a cyclops
 14980 | D:11     | Killed a cyclops
 15082 | D:11     | Noticed a two-headed ogre
 15083 | D:11     | Noticed an ogre mage
 15083 | D:11     | Noticed a two-headed ogre
 15083 | D:11     | Noticed a two-headed ogre
 15083 | D:11     | Noticed a two-headed ogre
 15086 | D:11     | Killed a two-headed ogre
 15086 | D:11     | Reached skill level 12 in Earth Magic
 15087 | D:11     | Noticed a two-headed ogre
 15098 | D:11     | Killed an ogre mage
 15101 | D:11     | Demolished by a two-headed ogre

Illustrated notes

Levels and vault maps discovered:
D:1:      ldierk_walled_garden_2, layout_basic
D:2:      layout_basic, minmay_pentomino_q2
D:3:      layout_basic, uniq_jessica
D:4:      layout_rooms, gammafunk_temple_overflow_forgotten,
          lemuel_doored_altar, lemuel_crystal_altar,
          minmay_temple_entry_slanted, serial_shops, shop, corexii_checkpoint_a,
          makhleb_blood_cavern_becter
D:5:      layout_loops_ring, dancing_weapons_uskayaw,
          cheibrodos_sewer_entry_bend, serial_bayou, serial_bayou_shore_b,
          serial_bayou_lagoon_b, serial_bayou_shore_b, serial_bayou_crossing
D:6:      layout_gridville, kennysheep_slug_shrine, serial_shops,
          kennysheep_mini, ebering_ghost_sewer_f, uniq_duvessa
D:7:      black_bear_nest_1, layout_basic, grunt_qazlal_sundering, uniq_harold,
          uniq_crazy_yiuf_cottage, uniq_joseph
D:8:      layout_layer_cave, kennysheep_vampire_church, old_standard_altar,
          serial_shops, shop_fountains, uniq_maggie
D:9:      layout_roguey, kennysheep_mini_moat, nicolae_overflow_hidden_temple,
          special_room [special_room_orc]
D:10:     layout_stronghold, orc_0_dummy, nicolae_dithmenos_shadow_blocks
D:11:     layout_small_grid, due_lair_maze_entry_diamond,
          gammafunk_ghost_necromancy, enter_bailey_3, moated_statue
Temple:   chequers_temple_sunken

Skill      XL: |  1  2  3  4  5  6  7  8  9 10 11 |
---------------+----------------------------------+-----
Earth Magic    | 4 5 6 8 10 11 12 | 12.1
Shields        | 1 2 3 4 |  4.0
Conjurations   | 1 2 3 4 5 6 |  6.0
Transmutations | 1 2 4 |  4.0
Maces & Flails | 1 2 3 5 6 |  6.6
Spellcasting   | 3 4 5 6 |  6.8
Fighting       | 4 6 7 |  7.3
Stealth        | 4 |  4.0
Dodging        | |  1.5

Action                   |  1- 3 |  4- 6 |  7- 9 | 10-12 || total
-------------------------+-------+-------+-------+-------++-------
Melee: Club              |    86 |    90 |       |       ||   176
       Unarmed           |     1 |       |       |       ||     1
       Whip              |       |    62 |   335 |   399 ||   796
Throw: Dart              |       |       |     3 |       ||     3
       Stone             |       |       |     1 |       ||     1
       Throwing net      |       |       |     1 |       ||     1
 Cast: Sandblast         |    26 |    45 |    44 |    36 ||   151
       Stone Arrow       |     1 |     2 |    50 |    56 ||   109
       Lee's Rapid Decon |       |       |     3 |    25 ||    28
       Petrify           |       |       |     1 |       ||     1
       Iron Shot         |       |       |       |     4 ||     4
Evoke: Wand              |       |       |     7 |     2 ||     9
  Use: Scroll            |       |     8 |    12 |     2 ||    22
       Potion            |       |       |     9 |     4 ||    13
 Stab: Sleeping          |     2 |     2 |     1 |     4 ||     9
       Distracted        |       |       |       |     1 ||     1
Armor: Robe              |    32 |    47 |       |       ||    79
       Leather armour    |       |    29 |   212 |    93 ||   334
       Skin              |       |       |    29 |       ||    29
       Steam dragon scal |       |       |     2 |    79 ||    81
Dodge: Dodged            |    74 |   119 |   265 |   179 ||   637
       Repelled          |     1 |     2 |     1 |       ||     4
Block: Buckler           |       |       |    89 |    80 ||   169

Table legend: (Time is in decaauts)
 A = Elapsed time spent in this place.
 B = Non-inter-level travel time spent in this place.
 C = Inter-level travel time spent in this place.
 D = Time resting spent in this place.
 E = Time spent auto-exploring this place.
 F = Levels seen in this place.
 G = Mean time per level.
                   A        B        C        D        E       F      G
               +--------+--------+--------+--------+--------+-----+--------+
         Total |  15139 |  14485 |    654 |   3494 |   7808 |  13 | 1164.5 |
       Dungeon |  14560 |  13926 |    634 |   3409 |   7565 |  11 | 1323.6 |
        Temple |    225 |    206 |     19 |      0 |    193 |   1 |  225.0 |
        Bailey |    352 |    352 |      0 |     85 |     50 |   1 |  352.0 |
               +--------+--------+--------+--------+--------+-----+--------+

Top non-repeatable levels by time:
     D:8: 2056 daAuts
     D:5: 1758 daAuts
     D:7: 1700 daAuts
     D:3: 1364 daAuts
     D:6: 1283 daAuts
    D:11: 1248 daAuts
     D:1: 1170 daAuts
     D:9: 1127 daAuts
    D:10: 1094 daAuts
     D:4: 883 daAuts
     D:2: 872 daAuts
  Bailey: 352 daAuts
  Temple: 225 daAuts
